Map: Dash and Terminal LE (Void)

Players

SticklerMac

  • Race: Zerg Zerg

StimNwin - Winner!

  • Race: Terran Terran
  • League: Grandmaster

VOD

Have the link to the VOD?

Description

Time

  • Played on: Aug. 7, 2015, 11:45 p.m.
  • Length: 18:20
Show
View Real Time Build Order
Export as new Build Order

SticklerMac Zerg 

Build Orders: Hatch First 

Get SALT Encoding   

  12  0:01  Drone  
  13  0:12  Drone  
  14  0:16  Overlord  
  14  0:35  Drone x3  
  17  0:56  Hatchery  
  16  0:59  Drone  
  16  1:00  Drone  
  18  1:07  Drone  
  19  1:20  Spawning Pool  
  19  1:21  Drone  
  19  1:26  Extractor  
  19  1:29  Drone  
  19  1:39  Drone  
  20  2:04  Overlord  
  20  2:06  Queen  
  22  2:09  Queen  
  22  2:11  Drone x2  
  26  2:20  Drone  
  26  2:22  Drone  
  28  2:27  Metabolic Boost  
  28  2:30  Zergling x2  
  29  2:38  Zergling x2  
  29  2:42  Zergling x2  
  30  2:50  Zergling x2  
  31  2:53  Zergling x2  
  31  2:54  Zergling x2  
  33  3:02  Drone  
  34  3:10  Lair  
  34  3:11  Zergling x2  
  35  3:23  Zergling x2  
  35  3:24  Overlord x4  
  36  3:42  Overlord, Queen  
  36  3:43  Zergling x6  
  36  3:44  Zergling x4  
  43  3:49  Zergling x2  
  43  3:50  Baneling Nest, Zergling x2  
  43  3:52  Zergling x2  
  45  4:15  Overseer  
  46  4:17  Zergling x4  
  46  4:18  Zergling x10  
  52  4:28  Zergling x4  
  54  4:33  Baneling  
  54  4:34  Baneling x4  
  54  4:37  Baneling  
  54  4:38  Zergling x2  
  55  4:39  Zergling x2  
  56  4:49  Zergling x2  
  51  5:10  Zergling x14  
  51  5:11  Zergling x4  
  57  5:19  Zergling x2  
  57  5:20  Zergling x2  
  50  5:28  Baneling  
  50  5:29  Baneling x4  
  50  5:30  Zergling x8  
  50  5:31  Zergling x2  
  55  5:49  Zergling x4  
  58  5:50  Zergling x2  
  58  5:51  Baneling x3  
  58  5:54  Zergling x2  
  59  6:03  Baneling  
  58  6:04  Zergling x2  
  58  6:05  Zergling x12  
  58  6:06  Zergling x4  
  58  6:10  Baneling  
  67  6:11  Drone  
  68  6:20  Zergling x4, Baneling  
  70  6:48  Hatchery  
  69  7:03  Baneling x2  
  69  7:04  Baneling  
  69  7:09  Zergling x14, Extractor  
  69  7:10  Zergling x2  
  69  7:12  Overlord x2  
  67  7:40  Zergling x2  
  67  7:41  Zergling x14  
  75  7:44  Baneling x2  
  75  7:45  Baneling  
  75  7:47  Baneling  
  53  8:37  Zergling x4  
  53  8:38  Zergling x14  
  34  8:49  Drone  
  34  8:53  Drone  
  34  8:55  Drone  
  36  9:11  Drone x2  
  36  9:14  Drone  
  39  9:32  Drone x3  
  39  9:33  Drone x2  
  39  9:35  Drone  
  39  9:38  Drone  
  46  9:41  Drone  
  47  9:58  Zergling x14  
  36  10:16  Zergling x2  
  36  10:17  Zergling x12  
  43  10:34  Zergling x2  
  43  10:35  Zergling x8  
  48  10:42  Drone x2  
  50  10:51  Zergling x4  
  50  10:53  Drone  
  53  10:57  Drone  
  53  10:59  Drone  
  54  11:20  Zergling x14  
  54  11:22  Zergling x2  
  54  11:24  Drone  
  63  11:32  Queen  
  65  11:43  Pneumatized Carapace  
  65  11:44  Drone x2  
  65  11:45  Drone  
  63  12:01  Drone x3  
  63  12:02  Drone x4  
  70  12:17  Queen  
  70  12:18  Drone x4  
  70  12:19  Drone  
  77  12:23  Zergling x4  
  77  12:25  Zergling x2  
  77  12:29  Drone  
  80  12:30  Drone  
  80  12:42  Queen  
  80  12:43  Overlord  
  80  12:44  Overlord x2  
  82  12:56  Overlord x5  
  82  13:00  Overlord  
  82  13:01  Overlord  
  82  13:05  Drone  
  83  13:08  Drone x3, Extractor  
  85  13:25  Drone x3  
  85  13:26  Drone x6  
  94  13:40  Extractor  
  93  13:42  Extractor  
  93  13:44  Extractor  
  91  13:49  Drone x3, Infestation Pit  
  91  13:50  Drone x6  
  91  13:51  Drone x3  
  101  14:55  Hive  
  101  14:56  Zergling x24  
  101  14:57  Zergling x18  
  122  15:06  Zergling x2  
  123  15:51  Hatchery  
  123  15:52  Zergling x24  
  123  15:53  Zergling x14  
  123  15:55  Hatchery  
  140  16:04  Evolution Chamber  
  140  16:06  Evolution Chamber  
  140  16:07  Hatchery  
  137  16:12  Ultralisk Cavern  
  136  16:30  Zergling x2  
  136  16:31  Zergling x22  
  136  16:32  Zergling x10  
  77  16:40  Zergling x2  
  77  16:41  Zergling x2  
  77  16:44  Zergling x10  
  84  16:48  Zergling x2  
  84  16:49  Zergling x2  
  86  16:55  Zergling x2  
  86  16:58  Baneling x4  
  86  16:59  Baneling x6  
  86  17:00  Baneling x7  
  86  17:01  Baneling x7  
  87  17:02  Baneling x7  
  87  17:03  Baneling x3  
  87  17:04  Zergling x4  
  87  17:05  Zergling x2  
  90  17:09  Zergling x10  
  91  17:17  Zergling x2  
  91  17:18  Zergling x14  
  91  17:27  Zergling x2  
  91  17:28  Zergling x10  
  67  17:33  Zergling x4  
  61  17:37  Baneling x2  
  61  17:41  Zergling x4  
  61  17:43  Queen  
  61  17:49  Zergling x6  
  42  18:06  Baneling  
Show
View Real Time Build Order
Export as new Build Order

StimNwin Terran - Winner!

Build Orders: MMM Bio 

Get SALT Encoding   

  12  0:01  SCV  
  13  0:13  SCV  
  14  0:18  Supply Depot  
  14  0:25  SCV  
  15  0:40  SCV  
  16  0:43  Barracks  
  16  0:47  Refinery  
  16  0:52  SCV  
  17  1:04  SCV  
  18  1:16  SCV  
  19  1:30  Orbital Command  
  19  1:33  Supply Depot  
  19  1:34  Reaper  
  20  1:58  SCV  
  21  2:23  Barracks Reactor  
  21  2:26  SCV  
  21  2:28  Command Center  
  22  2:38  SCV  
  23  2:50  SCV  
  23  2:51  Barracks  
  23  2:52  Barracks  
  23  3:02  SCV  
  24  3:07  Marine x2  
  26  3:18  Factory  
  26  3:24  Marine  
  27  3:36  Refinery  
  27  3:39  Barracks Tech Lab x2  
  27  3:42  Orbital Command  
  27  3:47  Engineering Bay  
  27  3:50  SCV, Engineering Bay  
  27  3:52  Marine x2  
  30  3:59  Combat Shields, Stimpack  
  30  4:02  SCV  
  31  4:18  Bunker, Marine  
  31  4:19  Marauder x2  
  31  4:20  Marine  
  31  4:22  Bunker  
  37  4:28  Starport  
  37  4:32  SCV x2  
  37  4:36  Marine  
  39  5:02  Marine x3  
  32  5:29  Supply Depot x2  
  32  5:41  Supply Depot  
  32  5:50  Factory Reactor, Marine x4  
  34  6:08  Marine  
  35  6:13  Medivac  
  37  6:18  Concussive Shells  
  37  6:20  Marine x2  
  37  6:21  Marine  
  40  6:31  Orbital Command  
  40  6:43  Bunker  
  40  6:48  Marine x2  
  42  6:59  Marine x2  
  44  7:09  SCV x2  
  46  7:17  Marauder x2  
  46  7:21  SCV x2  
  52  7:24  Factory Tech Lab  
  52  7:33  SCV x2  
  54  7:51  Supply Depot  
  54  7:52  Supply Depot  
  54  7:53  Supply Depot, Marine x2  
  54  7:54  SCV x2, Marauder, Medivac  
  62  8:00  Marauder  
  62  8:12  SCV x2, Siege Tank, Marine x2  
  69  8:15  Marauder  
  70  8:24  SCV  
  71  8:39  Marine x4  
  67  8:56  Marine  
  67  8:57  Marine x3  
  67  9:00  Supply Depot  
  71  9:22  Marine  
  72  9:41  Terran Infantry Weapons Level 1  
  72  9:49  Orbital Command  
  51  10:25  Marine  
  51  10:26  Marine x3  
  55  10:29  SCV x2  
  49  10:40  Barracks  
  49  10:41  SCV  
  49  10:42  SCV  
  51  10:43  Barracks, Marine  
  51  10:44  Marauder  
  54  10:53  SCV, Marine x2  
  57  11:05  Marine  
  57  11:06  Marine  
  57  11:11  Marine x2  
  59  11:13  SCV  
  62  11:23  Marine  
  63  11:39  Marine  
  63  11:40  Barracks Reactor  
  64  11:51  Barracks Reactor  
  64  11:57  Marine x2  
  64  11:58  Marauder, Marine  
  69  12:09  Medivac  
  69  12:13  Refinery  
  69  12:14  Refinery  
  69  12:15  Marine x3  
  68  12:31  Terran Infantry Armor Level 1  
  68  12:33  Marine x2  
  68  12:34  Marine x2  
  68  12:35  Marauder x2  
  76  12:47  Marine x2  
  78  12:58  Factory Reactor  
  78  13:22  Supply Depot  
  78  13:43  SCV, Marine x7  
  86  14:03  Supply Depot, Marine x2, Medivac, Widow Mine x2  
  86  14:07  Marine x6  
  100  14:21  Marine  
  100  14:24  Marine  
  100  14:25  Marine  
  100  14:28  Medivac  
  104  14:31  Widow Mine x2  
  99  14:46  Medivac  
  101  15:00  Widow Mine  
  103  15:09  Marine x4  
  103  15:11  Orbital Command  
  107  15:23  Marine x3  
  110  15:32  Supply Depot  
  110  15:53  Marine x6  
  110  15:54  SCV x2  
  118  15:59  Supply Depot  
  118  16:20  Marine x4  
  108  16:36  Marine x2  
  109  17:02  Marine x3  
  109  17:03  Marine  
  113  17:11  Marine x4  
  117  17:20  Marine x2  
  106  17:28  Marine x3  
  106  17:29  Marine  
  77  17:32  Marine x2  
  77  17:38  Marine  
  78  17:44  Marine  
  78  17:45  Marine  
  78  17:46  Marine x2  
  78  17:49  Marine  
  83  17:55  Marine  
  84  17:59  SCV  
Tags
 
Add a new tag
Caveats
  • Supply blocks, unpowered buildings, or Contaminate may cause inaccurate times.
  • Supply counts are checked every 10 seconds.